 Dungeon Crawl Stone Soup version 0.32-a0-18-g89e19f1974 (webtiles) character file.

Game seed: 5992930603786246987

1156 Malachi the Trooper (level 8, -5/73 HPs)
             Began as a Ghoul Gladiator on Jan 16, 2024.
             Slain by a gnoll
             ... wielding a +0 halberd
              (9 damage)
             ... on level 4 of the Dungeon.
             The game lasted 00:05:32 (3187 turns).

Malachi the Trooper (Ghoul Gladiator)               Turns: 3187, Time: 00:05:32

Health: -5/73      AC:  3    Str: 20    XL:     8   Next: 39%
Magic:  8/8        EV: 15    Int:  7    God:
Gold:   200        SH:  0    Dex: 10    Spells: 7/7 levels left

rFire   . . .        a - +0 war axe
rCold   + . .        (no shield)
rNeg    + + +        s - +0 scale mail
rPois   ∞            c - +0 helmet
rElec   .            (no cloak)
rCorr   .            (no gloves)
SInv    .            (no boots)
Will    .....        q - amulet of regeneration Stlth
                     f - +5 ring of evasion
HPRegen 0.00/turn    (no ring)
MPRegen 0.11/turn

%: no passive effects
@: corroded, attractive, inhibited regen
A: claws 1, cold resistance 1, negative energy resistance 3, inhibited
regeneration, torment resistance 2, devour on kill
a: no special abilities


You were on level 4 of the Dungeon.
You visited 1 branch of the dungeon, and saw 5 of its levels.

You collected 200 gold pieces.

Inventory:

Hand Weapons
 a - a +0 war axe (weapon)
 r - a +0 battleaxe
Missiles
 d - 3 throwing nets (quivered)
 e - a javelin
Armour
 c - a +0 helmet (worn)
 s - a +0 scale mail (worn)
Jewellery
 f - a +5 ring of evasion (left claw)
 q - an amulet of regeneration (around neck)
Scrolls
 b - 3 scrolls of fog {unknown}
 g - 4 scrolls of teleportation {unknown}
 h - 2 scrolls of enchant armour {unknown}
 i - 2 scrolls of acquirement {unknown}
 j - 2 scrolls of identify {unknown}
 k - a scroll of immolation {unknown}
 l - a scroll of revelation {unknown}
 t - a scroll of brand weapon {unknown}
Potions
 m - a potion of curing
 n - a potion of cancellation {unknown}
 o - a potion of attraction
 p - a potion of mutation {unknown}
 u - a potion of degeneration {unknown}
 v - a potion of lignification {unknown}


   Skills:
 + Level 7.3 Fighting
 + Level 6.4 Axes
 - Level 2.8 Throwing
 - Level 3.4 Dodging


You had 7 spell levels left.
You didn't know any spells.
Your spell library contained the following spells:

 Spells                   Type           Power      Damage    Failure   Level
 Apportation              Tloc           0%         N/A       80%         1
 Summon Small Mammal      Summ           0%         N/A       80%         1
 Jinxbite                 Hex            0%         N/A       91%         2
 Static Discharge         Conj/Air       0%         3-3/arc   91%         2
 Call Canine Familiar     Summ           0%         N/A       99%         3
 Airstrike                Air            0%         2d(0-16)  100%        4
 Summon Blazeheart Golem  Fire/Summ      0%         N/A       100%        4
 Summon Lightning Spire   Summ/Air       0%         N/A       100%        4
 Alistair's Intoxication  Alch           0%         N/A       100%        5


Dungeon Overview and Level Annotations

Branches:
Dungeon (5/15)
 Temple: D:4-7

Altars:
Gozag
Sif Muna
Trog

Shops:
D:2 [   D:3 *   D:4 !

Annotations:
D:4 Eustachio
D:5 1 runed translucent door, exclusion: door, Crazy Yiuf


Innate Abilities, Weirdness & Mutations

You are immune to poison.
You have sharp fingernails.
Your flesh is cold resistant. (rC+)
You are immune to negative energy. (rN+++)
You do not regenerate when monsters are visible.
You are immune to unholy pain and torment.
You thrive by killing the living.


Message History

The gnoll hits you from afar with a +0 spear.
* * * LOW HITPOINT WARNING * * *
You hit the gnoll.
The gnoll is heavily wounded.
The gnoll barely misses you. The gnoll closely misses you. x2
The gnoll misses you.
Unknown command.
You barely miss the gnoll.
The gnoll is heavily wounded.
The gnoll closely misses you. The gnoll barely misses you. x3
You slash the gnoll!
You kill the gnoll!
The gnoll hits you from afar with a +0 spear.
* * * LOW HITPOINT WARNING * * *
The gnoll barely misses you. x2
You see here a giant cockroach corpse.
Okay, then.
Okay, then.
It was a potion of curing.
You feel better. The gnoll barely misses you. x2
It was a potion of attraction.
You feel attractive to monsters. The gnoll closely misses you.
The gnoll misses you. The gnoll is attracted toward you. x3
You slash the gnoll!
You kill the gnoll!
You feel better.
You slash the gnoll! The gnoll barely misses you.
The gnoll hits you with a +0 halberd!
* * * LOW HITPOINT WARNING * * *
You hit the gnoll but do no damage.
The gnoll is severely wounded.
The gnoll closely misses you. The gnoll hits you with a +0 halberd.
* * * LOW HITPOINT WARNING * * *
You slash the gnoll!
You kill the gnoll!
You feel better.
The gnoll hits you from afar with a +0 halberd!
* * * LOW HITPOINT WARNING * * *
The gnoll misses you. The gnoll is attracted toward you.
You hit the gnoll but do no damage. The gnoll hits you with a +0 halberd!
You die...

~~≈~~.~♣#....P~
~.~~~.........
~.~~.........
♣........... #..........
#####......#..
###...##........
##........#....B.
#.......)@# ~♣..♣
#.......)g#♣~~...
#.......§#♣~~~~.~
##.....†)†♣~~P~~.~
##........)~g~~~~.≈
#>.....##♣~~~≈~~~.~
##......♣~PP≈≈~≈~.~
######.......♣♣~~~≈≈≈~.~
..<........#.♣♣~≈≈~~≈≈.≈


You could see a gnoll.

Vanquished Creatures
  Menkaure (D:4)
  2 ogres (D:5)
  A black bear (D:5)
  2 phantoms
  A scorpion (D:4)
  A jelly (D:4)
  A bombardier beetle (D:5)
  3 hounds
  An orc priest (D:5)
  A sleepcap (D:5)
  2 iguanas (D:5)
  Natasha (thrice) (D:3)
  Robin (D:3)
  10 gnolls
  5 adders
  A white imp (D:5)
  5 orcs
  6 ball pythons
  8 endoplasms
  3 giant cockroaches
  11 hobgoblins
  2 jackals (D:4)
  4 quokkas
  7 bats
  6 frilled lizards
  15 goblins
  2 kobolds
  3 rats
108 creatures vanquished.

Notes
Turn   | Place    | Note
-------+----------+-------------------------------------------
     0 | D:1      | Malachi the Ghoul Gladiator began the quest for the Orb.
     0 | D:1      | Reached XP level 1. HP: 17/17 MP: 1/1
   159 | D:1      | Reached XP level 2. HP: 23/25 MP: 2/2
   448 | D:1      | Reached XP level 3. HP: 30/30 MP: 3/3
   811 | D:2      | Found Lunebul's Armour Shoppe.
   959 | D:2      | You fall into a shaft and drop 1 floor!
   977 | D:3      | Noticed Natasha
   989 | D:3      | Killed Natasha
   990 | D:3      | Reached skill level 3 in Fighting
   990 | D:3      | Reached XP level 4. HP: 7/38 MP: 4/4
  1074 | D:3      | Noticed Natasha
  1086 | D:3      | Killed Natasha
  1348 | D:3      | Noticed Robin
  1352 | D:3      | Noticed Natasha
  1359 | D:3      | Killed Natasha
  1360 | D:3      | Reached XP level 5. HP: 39/45 MP: 5/5
  1371 | D:3      | Killed Robin
  1417 | D:3      | Found Queng's Assorted Antiques.
  1434 | D:3      | Found a faded altar of an unknown god.
  1645 | D:3      | Found a shimmering blue altar of Sif Muna.
  1647 | D:3      | Found a bloodstained altar of Trog.
  1751 | D:4      | Noticed Menkaure
  2072 | D:5      | Entered Level 5 of the Dungeon
  2079 | D:5      | Reached skill level 4 in Fighting
  2086 | D:5      | Noticed an ogre
  2094 | D:5      | Killed an ogre
  2094 | D:5      | Noticed a phantom
  2095 | D:5      | Reached XP level 6. HP: 39/53 MP: 6/6
  2250 | D:5      | Reached skill level 5 in Fighting
  2394 | D:5      | Reached XP level 7. HP: 40/61 MP: 7/7
  2517 | D:5      | Reached skill level 5 in Axes
  2527 | D:5      | Identified the +9 hammer "Zoannuro" {speed, Int+2}
  2530 | D:5      | Found a runed translucent door.
  2531 | D:5      | Noticed Crazy Yiuf
  2649 | D:5      | Reached skill level 6 in Fighting
  2724 | D:5      | Found an opulent altar of Gozag.
  2891 | D:4      | Noticed Eustachio
  2891 | D:4      | Found Ogalleext's Distillery.
  3005 | D:4      | Reached XP level 8. HP: 59/71 MP: 8/8
  3151 | D:4      | Killed Menkaure
  3160 | D:4      | Reached skill level 7 in Fighting
  3187 | D:4      | Slain by a gnoll

Illustrated notes

Levels and vault maps discovered:
D:1:      giann_wishing_wells, layout_basic
D:2:      layout_rooms, serial_shops, shop
D:3:      layout_rooms, hellmonk_overflow_destroyed_library,
          hellmonk_ecumenical_altar_crossroads, serial_shops,
          nicolae_shop_crystal, uniq_natasha, uniq_robin
D:4:      layout_cave_pools, mainiacjoe_overflow_boulevard, old_standard_altar,
          serial_bayou, serial_bayou_shore_a, serial_bayou_pond_d,
          serial_bayou_lagoon_b, serial_bayou_pond_c, serial_bayou_pond_b,
          serial_bayou_pond_b, minmay_misc_feat_alley, nicolae_take_the_stairs,
          minmay_misc_feat_cross, minmay_fractal_squares_5, uniq_eustachio,
          uniq_menkaure
D:5:      layout_rooms, mainiacjoe_overflow_alcove_2, uniq_crazy_yiuf_cottage

Skill      XL: |  1  2  3  4  5  6  7  8 |
---------------+-------------------------+-----
Throwing       | 2 |  2.8
Axes           | 3 4 5 6 |  6.4
Dodging        | 3 |  3.4
Fighting       | 3 4 5 6 7 |  7.3

Action                     |  1- 3 |  4- 6 |  7- 9 || total
---------------------------+-------+-------+-------++-------
  Melee: War axe           |    94 |    90 |   115 ||   299
         Punch             |     1 |     3 |     4 ||     8
         Battleaxe         |       |    31 |       ||    31
    Use: Potion            |       |       |     2 ||     2
 Armour: Leather armour    |    43 |    74 |       ||   117
         Scale mail        |       |       |   110 ||   110
  Dodge: Dodged            |    96 |   161 |   161 ||   418

Table legend: (Time is in decaauts)
 A = Elapsed time spent in this place.
 B = Non-inter-level travel time spent in this place.
 C = Inter-level travel time spent in this place.
 D = Time resting spent in this place.
 E = Time spent auto-exploring this place.
 F = Levels seen in this place.
 G = Mean time per level.
                   A        B        C        D        E       F      G
               +--------+--------+--------+--------+--------+-----+--------+
         Total |   3310 |   3143 |    167 |    625 |   1684 |   5 |  662.0 |
       Dungeon |   3310 |   3143 |    167 |    625 |   1684 |   5 |  662.0 |
               +--------+--------+--------+--------+--------+-----+--------+

Top non-repeatable levels by time:
     D:3: 1122 daAuts
     D:5: 856 daAuts
     D:1: 767 daAuts
     D:4: 346 daAuts
     D:2: 218 daAuts
